[Event "Queens Festival Europe 2022"]
[Site "Tornelo"]
[Date "2022.06.19"]
[Round "5.1"]
[White "Deak-Sala, Emilia"]
[Black "Vujcic, Milena"]
[Result "0-1"]
[ECO "C54"]
[WhiteElo "1883"]
[BlackElo "1987"]
[Annotator "NA RC"]
[PlyCount "90"]
[EventDate "2022.06.19"]
[EventType "swiss"]
[EventCountry "NET"]
[SourceTitle "playchess.com"]
[Source "ChessBase"]
[SourceQuality "1"]
[TimeControl "180+2"]

1. e4 e5 2. Nf3 Nc6 3. Bc4 Bc5 4. d3 Nf6 5. c3 d6 6. Bb3 Bb6 7. Nbd2 O-O 8. h3 h6 9. Nf1 Ne7 10. Ng3 Ng6 11. O-O c6 12. Nh2 d5 13. Qe2 Re8 14. Ng4 Nxg4 15. hxg4 Nf4 16. Bxf4 exf4 17. Nf5 Qf6 18. Qf3 Bc7 19. Rfe1 dxe4 20. dxe4 Be5 21. Rad1 a5 22. a4 Qg5 23. g3 g6 24. gxf4 Bxf4 25. Bxf7+ Kxf7 26. Nd6+ Ke7 27. Nxe8 Bxg4 28. Qg2 Bxd1 29. Qxg5+ Bxg5 30. Rxd1 Rxe8 31. f3 Ke6 32. Kg2 Rc8 33. Rd3 Rd8 34. Rxd8 Bxd8 35. f4 Bc7 36. Kf3 g5 37. fxg5 hxg5 38. Kg4 Bf4 39. b4 b6 40. c4 axb4 41. c5 bxc5 42. a5 Bb8 43. Kxg5 Ke5 44. Kg4 b3 45. Kf3 b2 0-1

[Event "Queens Festival Europe 2022"]
[Site "Tornelo"]
[Date "2022.06.19"]
[Round "5.1"]
[White "Vicze, Zsofia"]
[Black "Khalilova, Khadija"]
[Result "1-0"]
[ECO "B55"]
[WhiteElo "1749"]
[BlackElo "1777"]
[Annotator "NA RC"]
[PlyCount "101"]
[EventDate "2022.06.19"]
[EventType "swiss"]
[EventCountry "NET"]
[SourceTitle "playchess.com"]
[Source "ChessBase"]
[SourceQuality "1"]
[TimeControl "180+2"]

1. e4 c5 2. Nf3 d6 3. d4 cxd4 4. Nxd4 Nf6 5. f3 a6 6. c4 e6 7. Nc3 Be7 8. Be3 O-O 9. Be2 Qc7 10. O-O b6 11. Rc1 Bb7 12. b3 Nbd7 13. Qd3 Rac8 14. Rfd1 Rfd8 15. Qb1 Qb8 16. Kh1 Ne5 17. Na4 Ba8 18. Nc2 Ned7 19. Nb4 Qb7 20. Nc3 Nc5 21. Nc2 d5 22. cxd5 exd5 23. e5 Ne8 24. f4 Nc7 25. Bf3 Qa7 26. Nd4 N7e6 27. Nf5 Bf8 28. Nxd5 Bxd5 29. Bxd5 g6 30. Ng3 Qe7 31. Bf3 Bh6 32. Ne2 Qh4 33. g3 Qe7 34. Kg2 Bg7 35. Nc3 h6 36. Ne4 g5 37. Nd6 Rc7 38. Bxc5 bxc5 39. Qf5 Nd4 40. Qe4 gxf4 41. gxf4 Kh8 42. Kh1 Rg8 43. Nf5 Qe6 44. Nxd4 cxd4 45. Rxc7 Bf8 46. Rcc1 Qh3 47. Bg2 Qh4 48. Rg1 Be7 49. Qxd4 Bg5 50. fxg5 Qxd4 51. Rce1 1-0

[Event "Queens Festival Europe 2022"]
[Site "Tornelo"]
[Date "2022.06.19"]
[Round "5.1"]
[White "Aydogan, Arya"]
[Black "Vujovic, Vera"]
[Result "1/2-1/2"]
[ECO "B52"]
[WhiteElo "1409"]
[BlackElo "1353"]
[Annotator "NA RC"]
[PlyCount "131"]
[EventDate "2022.06.19"]
[EventType "swiss"]
[EventCountry "NET"]
[SourceTitle "playchess.com"]
[Source "ChessBase"]
[SourceQuality "1"]
[TimeControl "180+2"]

1. e4 c5 2. Nf3 d6 3. Bb5+ Bd7 4. Bxd7+ Qxd7 5. O-O Nc6 6. Re1 Nf6 7. c3 g6 8. d4 cxd4 9. cxd4 Bg7 10. d5 Ne5 11. Nxe5 dxe5 12. Nc3 O-O 13. f3 e6 14. Bg5 exd5 15. Bxf6 Bxf6 16. Nxd5 Qd8 17. Rc1 Bg7 18. Qd3 Kh8 19. Rc3 Rc8 20. Rec1 Qd7 21. Rxc8 Rxc8 22. Rxc8+ Qxc8 23. Qc3 Qxc3 24. Nxc3 Bf8 25. Kf1 f5 26. Ke2 Kg7 27. Nd5 Kf7 28. Kd3 Ke6 29. b3 Kd6 30. Kc4 a6 31. a4 Kc6 32. Nc3 Bc5 33. h3 Bg1 34. b4 Bd4 35. b5+ axb5+ 36. axb5+ Kd6 37. Nd5 fxe4 38. fxe4 b6 39. Nf6 h5 40. Nd5 Bc5 41. Nf6 Ke6 42. Nd5 g5 43. g4 hxg4 44. hxg4 Bg1 45. Nc3 Kd6 46. Ne2 Bc5 47. Nc1 Be3 48. Nd3 Bd4 49. Ne1 Bf2 50. Nf3 Be3 51. Kd3 Bf4 52. Kc4 Be3 53. Ne1 Bd2 54. Nc2 Bf4 55. Nb4 Be3 56. Nd5 Bc5 57. Nf6 Be3 58. Nd5 Bc5 59. Nc3 Bd4 60. Ne2 Bc5 61. Ng3 Bf2 62. Nf5+ Ke6 63. Ng7+ Kd6 64. Nf5+ Ke6 65. Ng7+ Kd6 66. Nf5+ 1/2-1/2

[Event "Queens Festival Europe 2022"]
[Site "Tornelo"]
[Date "2022.06.19"]
[Round "5.2"]
[White "Gueci, Tea"]
[Black "Amrayeva, Aytan"]
[Result "1-0"]
[ECO "C06"]
[WhiteElo "2248"]
[BlackElo "2143"]
[Annotator "NA RC"]
[PlyCount "85"]
[EventDate "2022.06.19"]
[EventType "swiss"]
[EventCountry "NET"]
[SourceTitle "playchess.com"]
[Source "ChessBase"]
[SourceQuality "1"]
[TimeControl "180+2"]

1. e4 e6 2. d4 d5 3. Nd2 Nf6 4. e5 Nfd7 5. Bd3 a6 6. c3 c5 7. Ne2 Nc6 8. O-O b5 9. a4 Rb8 10. axb5 axb5 11. f4 Qb6 12. Nf3 Be7 13. Be3 g6 14. Bc2 O-O 15. dxc5 Bxc5 16. Nfd4 b4 17. Ba4 Nxd4 18. cxd4 Be7 19. Rf3 Rd8 20. Rh3 Nf8 21. Bb3 Ba6 22. Nc1 Rdc8 23. Nd3 Bxd3 24. Qxd3 Rc6 25. f5 Rbc8 26. f6 Bd8 27. Rf3 Qb7 28. h4 Ra8 29. Raf1 Qa6 30. Qd2 h5 31. g4 hxg4 32. Rg3 Rac8 33. Rxg4 Qb7 34. Bh6 Bb6 35. Bxf8 Kxf8 36. Qh6+ Ke8 37. h5 Qa7 38. hxg6 Bxd4+ 39. Kh1 Kd7 40. gxf7 Bxe5 41. f8=Q Rxf8 42. Qxf8 Qe3 43. Rg7# 1-0

[Event "Queens Festival Europe 2022"]
[Site "Tornelo"]
[Date "2022.06.19"]
[Round "5.2"]
[White "Grigoryan, Meri"]
[Black "Mammadova, Aysel"]
[Result "0-1"]
[ECO "E21"]
[WhiteElo "1993"]
[BlackElo "1893"]
[Annotator "NA RC"]
[PlyCount "132"]
[EventDate "2022.06.19"]
[EventType "swiss"]
[EventCountry "NET"]
[SourceTitle "playchess.com"]
[Source "ChessBase"]
[SourceQuality "1"]
[TimeControl "180+2"]

1. d4 Nf6 2. c4 e6 3. Nc3 Bb4 4. Bd2 O-O 5. Nf3 b6 6. a3 Bxc3 7. Bxc3 Ne4 8. Rc1 Bb7 9. e3 d6 10. Bd3 Nd7 11. Bxe4 Bxe4 12. O-O Nf6 13. Nd2 Bb7 14. f3 Qe7 15. e4 e5 16. d5 Nd7 17. b4 f5 18. Re1 f4 19. Nf1 g5 20. g3 Nf6 21. g4 h5 22. gxh5 Nxh5 23. Rc2 Qg7 24. Rg2 Rf6 25. h4 Rg6 26. Ree2 Kf7 27. hxg5 Rxg5 28. Rxg5 Qxg5+ 29. Rg2 Qh4 30. Be1 Qh3 31. Rh2 Rg8+ 32. Kf2 Qg3+ 33. Nxg3 fxg3+ 34. Kg2 Nf4+ 35. Kh1 gxh2 36. Kxh2 Rh8+ 37. Kg1 Rg8+ 38. Kf1 Bc8 39. Bf2 Bh3+ 40. Ke1 Ng2+ 41. Kd2 Nf4 42. Qa4 Rg2 43. Ke3 Rg7 44. Qxa7 Ng2+ 45. Kd2 Kg6 46. a4 Rf7 47. a5 bxa5 48. bxa5 Rxf3 49. a6 Nf4 50. Be3 Ng2 51. Bg1 Rf1 52. Qxc7 Rxg1 53. Qxd6+ Kh7 54. a7 Ra1 55. Qxe5 Ra2+ 56. Kc3 Rxa7 57. Qh5+ Kg8 58. Qxh3 Ra3+ 59. Kd4 Rxh3 60. d6 Kf7 61. e5 Ke6 62. Kc5 Kxe5 63. d7 Rd3 64. Kc6 Ke6 65. c5 Rxd7 66. Kb6 Kd5 0-1

[Event "Queens Festival Europe 2022"]
[Site "Tornelo"]
[Date "2022.06.19"]
[Round "5.2"]
[White "Rybackova, Lucie"]
[Black "Subramanian, Anusha"]
[Result "1/2-1/2"]
[ECO "D10"]
[WhiteElo "1696"]
[BlackElo "1671"]
[Annotator "NA RC"]
[PlyCount "108"]
[EventDate "2022.06.19"]
[EventType "swiss"]
[EventCountry "NET"]
[SourceTitle "playchess.com"]
[Source "ChessBase"]
[SourceQuality "1"]
[TimeControl "180+2"]

1. d4 d5 2. c4 c6 3. cxd5 cxd5 4. Nc3 Nf6 5. Qc2 Nc6 6. Nf3 Bg4 7. Bf4 a6 8. e3 e6 9. Bd3 Rc8 10. a3 b5 11. Qe2 Bd6 12. Bg3 O-O 13. O-O Bxg3 14. hxg3 Na5 15. Rac1 Qb6 16. Na2 Nc4 17. Bxc4 bxc4 18. Qd2 Ne4 19. Qc2 Bf5 20. Qe2 Nd6 21. Nc3 Bd3 22. Qd2 Bxf1 23. Kxf1 Rb8 24. Rc2 Rfc8 25. Ne5 Qb7 26. Na4 Ne4 27. Qe2 Nf6 28. Nc5 Qb5 29. g4 Rc7 30. g5 Nd7 31. Nexd7 Rxd7 32. Nxd7 Qxd7 33. Qf3 Qb5 34. Qe2 Qb7 35. f4 g6 36. Qd2 Qb3 37. Kf2 Qa4 38. Qe2 Rb3 39. Qd2 Rd3 40. Qe2 Qb3 41. Rd2 Rxd2 42. Qxd2 Qb5 43. Qc2 a5 44. Qc3 Kf8 45. Qc2 Ke7 46. Qc3 Kd6 47. Kf3 a4 48. Ke2 Kc6 49. Kd2 Qb3 50. g3 Qb5 51. Kc2 Kb6 52. Kd2 Kc6 53. Kc2 Qb6 54. Kd2 Qb5 1/2-1/2

[Event "Queens Festival Europe 2022"]
[Site "Tornelo"]
[Date "2022.06.19"]
[Round "5.2"]
[White "Pyun, Lindsay"]
[Black "Valiyeva, Asnad"]
[Result "1/2-1/2"]
[ECO "B13"]
[WhiteElo "1526"]
[BlackElo "1237"]
[Annotator "NA RC"]
[PlyCount "122"]
[EventDate "2022.06.19"]
[EventType "swiss"]
[EventCountry "NET"]
[SourceTitle "playchess.com"]
[Source "ChessBase"]
[SourceQuality "1"]
[TimeControl "180+2"]

1. e4 c6 2. d4 d5 3. exd5 cxd5 4. Bd3 Nc6 5. Nf3 Nf6 6. c3 Bg4 7. Bf4 e6 8. h3 Bh5 9. Nbd2 Bd6 10. Bxd6 Qxd6 11. O-O O-O 12. Re1 Rfc8 13. Qb1 Bg6 14. Ne5 Ne7 15. Bxg6 Nxg6 16. Qd3 Nd7 17. Nxg6 hxg6 18. Nf3 Qc6 19. Ne5 Nxe5 20. Rxe5 Qb6 21. Re2 Qc6 22. a4 a6 23. Ree1 Qc4 24. Qxc4 Rxc4 25. a5 Rac8 26. Ra3 Kf8 27. Rea1 R4c6 28. Rb3 R8c7 29. Ra4 Rd6 30. Rab4 Rdd7 31. Rb6 Ke8 32. Kf1 Kd8 33. Ke2 Kc8 34. R6b4 Rc6 35. Kd3 Rdc7 36. Rb6 Rxb6 37. Rxb6 Rc6 38. Rxc6+ bxc6 39. b4 Kc7 40. f4 f6 41. Ke3 Kd6 42. g4 Kc7 43. h4 Kd7 44. g5 f5 45. Kf3 Kc7 46. Ke3 Kb7 47. Kf3 Kc7 48. Ke3 Kd6 49. Kf3 Ke7 50. Kg3 Kd8 51. Kh3 Ke7 52. Kg3 Kd6 53. Kf3 Kd7 54. Kg3 Kc7 55. Kf3 Kd8 56. Kg3 Ke8 57. Kf3 Kf7 58. Kg3 Kf8 59. Kf3 Kf7 60. Kg3 Kf8 61. Kf3 Kf7 1/2-1/2

[Event "Queens Festival Europe 2022"]
[Site "Tornelo"]
[Date "2022.06.19"]
[Round "5.3"]
[White "Head, Louise"]
[Black "Ibrahimova, Sabina"]
[Result "0-1"]
[ECO "E73"]
[WhiteElo "2025"]
[BlackElo "2146"]
[Annotator "NA RC"]
[PlyCount "68"]
[EventDate "2022.06.19"]
[EventType "swiss"]
[EventCountry "NET"]
[SourceTitle "playchess.com"]
[Source "ChessBase"]
[SourceQuality "1"]
[TimeControl "180+2"]

1. d4 Nf6 2. c4 g6 3. Nc3 Bg7 4. e4 d6 5. Be3 O-O 6. Be2 e5 7. d5 Na6 8. g4 Nc5 9. Bf3 a5 10. h4 c6 11. g5 Ne8 12. h5 cxd5 13. cxd5 a4 14. Qd2 b5 15. Bxc5 dxc5 16. Nxb5 Ba6 17. Be2 Bxb5 18. Bxb5 Nd6 19. Bd3 c4 20. Bc2 Rb8 21. Rb1 Qc7 22. f3 Rxb2 23. Rxb2 c3 24. Qc1 cxb2 25. Qb1 Qc3+ 26. Kf2 Nc4 27. Ne2 Qe3+ 28. Ke1 a3 29. Bb3 Nd2 30. Qd1 b1=Q 31. Qxb1 Nxb1 32. Bd1 Nc3 33. Kf1 Nxd1 34. hxg6 Qf2# 0-1

[Event "Queens Festival Europe 2022"]
[Site "Tornelo"]
[Date "2022.06.19"]
[Round "5.3"]
[White "Shuqja, Klean"]
[Black "Shabanaj, Eglantina"]
[Result "1-0"]
[ECO "C90"]
[WhiteElo "1839"]
[BlackElo "1986"]
[Annotator "NA RC"]
[PlyCount "63"]
[EventDate "2022.06.19"]
[EventType "swiss"]
[EventCountry "NET"]
[SourceTitle "playchess.com"]
[Source "ChessBase"]
[SourceQuality "1"]
[TimeControl "180+2"]

1. e4 e5 2. Nf3 Nc6 3. Bb5 a6 4. Ba4 b5 5. Bb3 d6 6. O-O Be7 7. c3 Nf6 8. d3 O-O 9. Nbd2 Na5 10. Bc2 c5 11. Re1 Bg4 12. Nf1 Nc6 13. Ng3 d5 14. h3 Bxf3 15. Qxf3 dxe4 16. dxe4 g6 17. Bh6 Re8 18. Nf5 Bf8 19. Rad1 Qc7 20. Bg5 Nh5 21. Ne3 Nf4 22. Bxf4 exf4 23. Nd5 Qe5 24. Qxf4 Qxf4 25. Nxf4 Bh6 26. Nd5 Red8 27. Nf6+ Kg7 28. Ng4 Bg5 29. Ne3 Ne5 30. Nd5 Nc6 31. f4 Bh4 32. Re3 1-0

[Event "Queens Festival Europe 2022"]
[Site "Tornelo"]
[Date "2022.06.19"]
[Round "5.3"]
[White "Omeri, Eklea"]
[Black "Lampard, Alice"]
[Result "1/2-1/2"]
[ECO "D91"]
[WhiteElo "1525"]
[BlackElo "1756"]
[Annotator "NA RC"]
[PlyCount "117"]
[EventDate "2022.06.19"]
[EventType "swiss"]
[EventCountry "NET"]
[SourceTitle "playchess.com"]
[Source "ChessBase"]
[SourceQuality "1"]
[TimeControl "180+2"]

1. d4 Nf6 2. c4 g6 3. Nc3 d5 4. Nf3 Bg7 5. Bg5 dxc4 6. e3 O-O 7. Bxc4 c5 8. Bxf6 Bxf6 9. O-O cxd4 10. Nxd4 a6 11. Nde2 Nc6 12. Qxd8 Rxd8 13. Rad1 b5 14. Bd5 Bb7 15. b3 e6 16. Bf3 Na5 17. Bxb7 Nxb7 18. Rxd8+ Rxd8 19. Rd1 Rxd1+ 20. Nxd1 Kf8 21. Kf1 Ke7 22. Ke1 Nd6 23. f3 Kd7 24. Kd2 Nf5 25. Kd3 Bg5 26. Ng3 Nh4 27. Ne4 Be7 28. Ndf2 f5 29. Nd2 Nxg2 30. e4 Ne1+ 31. Ke2 Nc2 32. Nd3 Nd4+ 33. Ke3 Nc6 34. f4 a5 35. exf5 exf5 36. Nf3 h6 37. Nfe5+ Nxe5 38. Nxe5+ Ke6 39. Nxg6 Bc5+ 40. Kf3 a4 41. Nh4 axb3 42. axb3 Bg1 43. h3 Kf6 44. Kg2 Be3 45. Kf3 Bd2 46. Ng2 b4 47. Ke2 Bc3 48. Ne3 Ke6 49. Kd3 Bf6 50. Kc4 Bc3 51. Kd3 Bf6 52. Kc4 Bc3 53. Kc5 Bd2 54. Kd4 Bc3+ 55. Kc4 Bd2 56. Kd3 Bc3 57. Kc4 Bd2 58. Kd3 Bc3 59. Kc4 1/2-1/2

[Event "Queens Festival Europe 2022"]
[Site "Tornelo"]
[Date "2022.06.19"]
[Round "5.3"]
[White "Rashidova, Nargiz"]
[Black "Ismayilova, Khanim"]
[Result "1/2-1/2"]
[ECO "D02"]
[WhiteElo "1341"]
[BlackElo "1647"]
[Annotator "NA RC"]
[PlyCount "41"]
[EventDate "2022.06.19"]
[EventType "swiss"]
[EventCountry "NET"]
[SourceTitle "playchess.com"]
[Source "ChessBase"]
[SourceQuality "1"]
[TimeControl "180+2"]

1. d4 d5 2. Nf3 Nf6 3. Bf4 e6 4. e3 Bd6 5. Bg3 O-O 6. Nbd2 c5 7. c3 b6 8. Bd3 Ba6 9. Qe2 Bxd3 10. Qxd3 Nc6 11. Ne5 Qc7 12. Ndf3 Nd7 13. Ng5 g6 14. Ngf3 f6 15. Nxg6 c4 16. Qc2 hxg6 17. Qxg6+ Kh8 18. Qh6+ Kg8 19. Qg6+ Kh8 20. Qh6+ Kg8 21. Qg6+ 1/2-1/2

[Event "Queens Festival Europe 2022"]
[Site "Tornelo"]
[Date "2022.06.19"]
[Round "5.4"]
[White "Kanyamarala, Trisha"]
[Black "Richtrova, Eliska"]
[Result "1-0"]
[ECO "A55"]
[WhiteElo "2127"]
[BlackElo "2204"]
[Annotator "NA RC"]
[PlyCount "83"]
[EventDate "2022.06.19"]
[EventType "swiss"]
[EventCountry "NET"]
[SourceTitle "playchess.com"]
[Source "ChessBase"]
[SourceQuality "1"]
[TimeControl "180+2"]

1. d4 d6 2. Nf3 Nd7 3. c4 e5 4. Nc3 Be7 5. e4 Ngf6 6. Be2 O-O 7. O-O c6 8. Qc2 Re8 9. Rd1 Qc7 10. h3 Nf8 11. Be3 Ng6 12. Rab1 Bf8 13. d5 Nh5 14. Bf1 Nhf4 15. b4 Qe7 16. c5 Qf6 17. cxd6 Bxd6 18. dxc6 bxc6 19. b5 Bd7 20. Qd2 Re6 21. Nh2 cxb5 22. Ng4 Qh4 23. g3 Nxh3+ 24. Kh2 Qxg4 25. Bxh3 Qh5 26. Kg2 Nf4+ 27. Bxf4 Rg6 28. Bxd7 exf4 29. Rh1 Qc5 30. Bf5 fxg3 31. Bxg6 hxg6 32. fxg3 Rd8 33. Nd5 Re8 34. Rbc1 Qa3 35. Qe2 Qxg3+ 36. Kf1 f5 37. Rc3 Qg5 38. Re3 f4 39. Rf3 Qe5 40. Rg1 g5 41. Rg4 Qa1+ 42. Kg2 1-0

[Event "Queens Festival Europe 2022"]
[Site "Tornelo"]
[Date "2022.06.19"]
[Round "5.4"]
[White "Stastna, Martina"]
[Black "Bordin, Silvia"]
[Result "0-1"]
[ECO "C89"]
[WhiteElo "1912"]
[BlackElo "1991"]
[Annotator "NA RC"]
[PlyCount "44"]
[EventDate "2022.06.19"]
[EventType "swiss"]
[EventCountry "NET"]
[SourceTitle "playchess.com"]
[Source "ChessBase"]
[SourceQuality "1"]
[TimeControl "180+2"]

1. e4 e5 2. Nf3 Nc6 3. Bb5 a6 4. Ba4 Nf6 5. O-O Be7 6. Re1 b5 7. Bb3 O-O 8. c3 d5 9. exd5 Nxd5 10. Nxe5 Nxe5 11. Rxe5 c6 12. d4 Bd6 13. Re1 Qh4 14. g3 Qh3 15. Qd3 Bg4 16. Qf1 Qh5 17. Bd1 Bxd1 18. Rxd1 f5 19. Nd2 f4 20. Re1 fxg3 21. hxg3 Bxg3 22. Ne4 Qh2# 0-1

[Event "Queens Festival Europe 2022"]
[Site "Tornelo"]
[Date "2022.06.19"]
[Round "5.4"]
[White "Bayona, Karin Silvana"]
[Black "Thornton, Filipina"]
[Result "1-0"]
[ECO "B84"]
[WhiteElo "1793"]
[BlackElo "1660"]
[Annotator "NA RC"]
[PlyCount "53"]
[EventDate "2022.06.19"]
[EventType "swiss"]
[EventCountry "NET"]
[SourceTitle "playchess.com"]
[Source "ChessBase"]
[SourceQuality "1"]
[TimeControl "180+2"]

1. e4 c5 2. Nf3 d6 3. d4 cxd4 4. Nxd4 e6 5. Nc3 a6 6. Be3 Nf6 7. Be2 Be7 8. O-O b5 9. a3 Bb7 10. f3 O-O 11. Bd3 Nc6 12. Nde2 Rc8 13. f4 Qc7 14. f5 Ne5 15. Ng3 Nc4 16. Bc1 d5 17. exd5 exd5 18. Kh1 d4 19. Nce4 Nd5 20. f6 Bc5 21. fxg7 Rfe8 22. Qh5 Kxg7 23. Nf5+ Kh8 24. Nh6 Re7 25. Nf5 Re5 26. Qh4 Rg8 27. Nf6 1-0

[Event "Queens Festival Europe 2022"]
[Site "Tornelo"]
[Date "2022.06.19"]
[Round "5.4"]
[White "Rahimli, Ulkar"]
[Black "Helgadottir, Idunn"]
[Result "1-0"]
[ECO "D05"]
[WhiteElo "1268"]
[BlackElo "1570"]
[Annotator "NA RC"]
[PlyCount "49"]
[EventDate "2022.06.19"]
[EventType "swiss"]
[EventCountry "NET"]
[SourceTitle "playchess.com"]
[Source "ChessBase"]
[SourceQuality "1"]
[TimeControl "180+2"]

1. d4 Nf6 2. Nf3 e6 3. e3 d5 4. Bd3 c5 5. b3 Nc6 6. a3 a6 7. Bb2 b5 8. c4 bxc4 9. bxc4 Bd6 10. O-O cxd4 11. Nxd4 Nxd4 12. Bxd4 O-O 13. cxd5 Nxd5 14. Qh5 h6 15. Nd2 Bb7 16. Ne4 Bc7 17. Rab1 Rb8 18. Nc5 Bc6 19. Rxb8 Bxb8 20. Nxa6 Bd6 21. f4 Nf6 22. Qh3 Ne4 23. Bxe4 Bxe4 24. Qg3 f6 25. Nc5 1-0

[Event "Queens Festival Europe 2022"]
[Site "Tornelo"]
[Date "2022.06.19"]
[Round "5.5"]
[White "Tsakona, Maria"]
[Black "Sikorova, Olga"]
[Result "0-1"]
[ECO "C07"]
[WhiteElo "2007"]
[BlackElo "2173"]
[Annotator "NA RC"]
[PlyCount "96"]
[EventDate "2022.06.19"]
[EventType "swiss"]
[EventCountry "NET"]
[SourceTitle "playchess.com"]
[Source "ChessBase"]
[SourceQuality "1"]
[TimeControl "180+2"]

1. e4 e6 2. d4 d5 3. Nd2 c5 4. exd5 Qxd5 5. dxc5 Bxc5 6. Ngf3 Nf6 7. Bc4 Qc6 8. O-O O-O 9. Qe2 a6 10. Bd3 Nbd7 11. c3 Qc7 12. Ne4 Nxe4 13. Qxe4 Nf6 14. Qh4 Be7 15. Bf4 Qa5 16. Be5 h6 17. Qg3 Bd7 18. Rfe1 Bc6 19. Nd4 Rfd8 20. Bc2 Rd7 21. Qd3 Qd5 22. Qg3 Rad8 23. Bb3 Qa5 24. Bxe6 Rxd4 25. Bxf7+ Kxf7 26. Bxd4 Rd5 27. Re5 Bd6 28. Rxd5 Qxd5 29. Qh3 Nh5 30. f3 Nf4 31. Qg4 Ne2+ 32. Kh1 Nxd4 33. cxd4 Qb5 34. Re1 Bd5 35. Qf5+ Kg8 36. a4 Qc6 37. h4 b5 38. axb5 axb5 39. Qg6 Bf7 40. Qf5 Qc7 41. Qxb5 Bg3 42. Rd1 Qd8 43. d5 Qxh4+ 44. Kg1 Qh2+ 45. Kf1 Qh1+ 46. Ke2 Qxg2+ 47. Ke3 Qf2+ 48. Ke4 Bg6# 0-1

[Event "Queens Festival Europe 2022"]
[Site "Tornelo"]
[Date "2022.06.19"]
[Round "5.5"]
[White "Gjergji, Rozana"]
[Black "Roy, Ali"]
[Result "1-0"]
[ECO "C02"]
[WhiteElo "1920"]
[BlackElo "1893"]
[Annotator "NA RC"]
[PlyCount "43"]
[EventDate "2022.06.19"]
[EventType "swiss"]
[EventCountry "NET"]
[SourceTitle "playchess.com"]
[Source "ChessBase"]
[SourceQuality "1"]
[TimeControl "180+2"]

1. e4 e6 2. d4 d5 3. e5 c5 4. c3 Nc6 5. f4 cxd4 6. cxd4 Qb6 7. Nf3 Nge7 8. Na3 Nf5 9. Nc2 Bb4+ 10. Bd2 Ncxd4 11. Nxb4 Nxf3+ 12. Qxf3 Nd4 13. Qd3 a5 14. Nc2 Qxb2 15. Qxd4 Qxc2 16. Bb5+ Bd7 17. Bxd7+ Kxd7 18. O-O Rac8 19. Rfc1 Qf5 20. Qb6 Rxc1+ 21. Rxc1 Rd8 22. Bxa5 1-0

[Event "Queens Festival Europe 2022"]
[Site "Tornelo"]
[Date "2022.06.19"]
[Round "5.5"]
[White "Bruntse, Caroline Lindegaard"]
[Black "Bakhshizada, Asnad"]
[Result "0-1"]
[ECO "D35"]
[WhiteElo "1503"]
[BlackElo "1052"]
[Annotator "NA RC"]
[PlyCount "76"]
[EventDate "2022.06.19"]
[EventType "swiss"]
[EventCountry "NET"]
[SourceTitle "playchess.com"]
[Source "ChessBase"]
[SourceQuality "1"]
[TimeControl "180+2"]

1. d4 d5 2. c4 e6 3. cxd5 exd5 4. Nc3 Nf6 5. Bg5 Be7 6. e3 O-O 7. Nf3 Bg4 8. Be2 c6 9. h3 Bh5 10. O-O h6 11. Bxf6 Bxf6 12. Rc1 Nd7 13. a3 Re8 14. Re1 Nf8 15. b4 Ne6 16. Na4 Rc8 17. Nc5 Nxc5 18. bxc5 b6 19. Ba6 Rc7 20. Be2 bxc5 21. Rxc5 Be7 22. Rc3 Rc8 23. Qa4 Qb6 24. Rb3 Qc7 25. Reb1 Ra8 26. Rb7 Qd6 27. Rxa7 Rxa7 28. Qxa7 Qxa3 29. Qxa3 Bxa3 30. Rb3 Bd6 31. Rc3 Rc8 32. g4 Bg6 33. Bb5 Be4 34. Nh2 Rb8 35. Rxc6 Bxh2+ 36. Kxh2 Rxb5 37. Rc8+ Kh7 38. Kg3 Rb1 0-1

[Event "Queens Festival Europe 2022"]
[Site "Tornelo"]
[Date "2022.06.19"]
[Round "5.6"]
[White "Ayzenberg, Alena"]
[Black "Ismayil, Malak"]
[Result "0-1"]
[ECO "E11"]
[WhiteElo "2016"]
[BlackElo "2001"]
[Annotator "NA RC"]
[PlyCount "72"]
[EventDate "2022.06.19"]
[EventType "swiss"]
[EventCountry "NET"]
[SourceTitle "playchess.com"]
[Source "ChessBase"]
[SourceQuality "1"]
[TimeControl "180+2"]

1. d4 Nf6 2. c4 e6 3. Nf3 Bb4+ 4. Bd2 Qe7 5. Nc3 O-O 6. g3 Nc6 7. Bg2 d6 8. O-O Bxc3 9. Bxc3 e5 10. d5 Nb8 11. Qc2 a5 12. b3 Nbd7 13. a3 c6 14. e4 Nc5 15. Nd2 h5 16. b4 Ncd7 17. h4 Re8 18. Nf3 Nf8 19. Ng5 N6h7 20. Nf3 f5 21. exf5 Qf7 22. Nd2 Bxf5 23. Be4 g6 24. Bxf5 gxf5 25. Nf3 cxd5 26. cxd5 Rac8 27. Qd2 Ng6 28. Ng5 Nxg5 29. hxg5 f4 30. Bb2 Qf5 31. Kg2 f3+ 32. Kh2 Rc2 33. Qe3 Rxb2 34. bxa5 Qg4 35. Rac1 Nf4 36. Rh1 Qh3+ 0-1

[Event "Queens Festival Europe 2022"]
[Site "Tornelo"]
[Date "2022.06.19"]
[Round "5.6"]
[White "Can, Isil"]
[Black "Sava, Ana-Maria"]
[Result "1-0"]
[ECO "B84"]
[WhiteElo "1901"]
[BlackElo "1916"]
[Annotator "NA RC"]
[PlyCount "101"]
[EventDate "2022.06.19"]
[EventType "swiss"]
[EventCountry "NET"]
[SourceTitle "playchess.com"]
[Source "ChessBase"]
[SourceQuality "1"]
[TimeControl "180+2"]

1. e4 c5 2. Nf3 d6 3. d4 cxd4 4. Nxd4 Nf6 5. Nc3 a6 6. Be2 e6 7. a4 Be7 8. Be3 h6 9. O-O O-O 10. f4 Nc6 11. Qd2 Nxd4 12. Bxd4 Qc7 13. Qe3 Bd7 14. Bb6 Qc6 15. a5 e5 16. fxe5 dxe5 17. Qg3 Kh7 18. Bd3 Bc5+ 19. Kh1 Bxb6 20. axb6 Rae8 21. Nd5 Nh5 22. Qh4 Qg6 23. Be2 Nf4 24. Nxf4 exf4 25. Rxf4 Bc6 26. Bd3 Re5 27. Raf1 Rh5 28. Qf2 Qd6 29. e5+ Qxd3 30. cxd3 Rxe5 31. Rxf7 Rfe8 32. Rf5 Re2 33. h3 Rxf2 34. R5xf2 Rd8 35. Rd2 Rd4 36. Rff2 Rb4 37. Rf7 Rxb6 38. d4 Bd5 39. Rd7 Be4 40. Rd8 Rf6 41. d5 Rf1+ 42. Kh2 b5 43. d6 Rf7 44. d7 Bc6 45. Rd6 Be4 46. Rh8+ Kxh8 47. d8=Q+ Kh7 48. Re6 Bf5 49. Re8 Kg6 50. Qd6+ Rf6 51. Qd4 1-0

[Event "Queens Festival Europe 2022"]
[Site "Tornelo"]
[Date "2022.06.19"]
[Round "5.6"]
[White "Egger, Stefanie"]
[Black "van den Brink, Nienke"]
[Result "0-1"]
[ECO "A80"]
[WhiteElo "1700"]
[BlackElo "1771"]
[Annotator "NA RC"]
[PlyCount "64"]
[EventDate "2022.06.19"]
[EventType "swiss"]
[EventCountry "NET"]
[SourceTitle "playchess.com"]
[Source "ChessBase"]
[SourceQuality "1"]
[TimeControl "180+2"]

1. d4 f5 2. Bg5 Nf6 3. e3 e6 4. h4 Be7 5. Nf3 b6 6. Nbd2 Bb7 7. Be2 O-O 8. O-O d6 9. c4 Nbd7 10. Qc2 Ne4 11. Nxe4 Bxe4 12. Bxe7 Qxe7 13. Qd2 Rae8 14. g3 Nf6 15. Ng5 Bb7 16. Bf3 Bxf3 17. Nxf3 Ne4 18. Qd3 e5 19. d5 Nc5 20. Qc3 f4 21. exf4 exf4 22. Rae1 Qf7 23. Ng5 Qf5 24. Rxe8 Rxe8 25. Re1 Rxe1+ 26. Qxe1 fxg3 27. Qe8+ Qf8 28. Qe6+ Kh8 29. Nf7+ Kg8 30. Nh6+ Kh8 31. Qg8+ Qxg8 32. Nf7+ Qxf7 0-1

[Event "Queens Festival Europe 2022"]
[Site "Tornelo"]
[Date "2022.06.19"]
[Round "5.7"]
[White "Smith, Olivia"]
[Black "Kordzadze, Nino"]
[Result "0-1"]
[ECO "C15"]
[WhiteElo "2039"]
[BlackElo "2043"]
[Annotator "NA RC"]
[PlyCount "46"]
[EventDate "2022.06.19"]
[EventType "swiss"]
[EventCountry "NET"]
[SourceTitle "playchess.com"]
[Source "ChessBase"]
[SourceQuality "1"]
[TimeControl "180+2"]

1. e4 e6 2. d4 d5 3. Nc3 Bb4 4. Nge2 Nf6 5. a3 Bxc3+ 6. Nxc3 Nxe4 7. Nxe4 dxe4 8. Be3 Bd7 9. Qg4 O-O 10. Qxe4 Bc6 11. Qd3 Nd7 12. O-O-O Nf6 13. f3 Nd5 14. Bd2 Qf6 15. h4 h6 16. Be2 Nf4 17. Bxf4 Qxf4+ 18. Kb1 Rad8 19. Qc3 Qg3 20. h5 Rd5 21. Bd3 Rg5 22. Rdg1 Rd8 23. Be4 Bd5 0-1